Map: Acid Plant LE

Players

MaSa

  • Race: Terran Terran
  • Spawn Location: 5:00

Reynor - Winner!

  • Race: Zerg Zerg
  • Spawn Location: 11:00

Event: WCS Valencia 2018

VOD

Have the link to the VOD?

Description

Time

  • Played on: July 12, 2018, 9:53 a.m.
  • Length: 9:53

All games in this series

Show
View Real Time Build Order
Export as new Build Order

MaSa Terran 

Build Orders: Reaper Expand, Hellion Banshee, MMM Bio 

Get SALT Encoding   

  12  0:01  SCV  
  13  0:13  SCV  
  14  0:17  Supply Depot  
  14  0:25  SCV  
  15  0:38  SCV  
  15  0:40  Barracks  
  16  0:43  Refinery  
  16  0:50  SCV  
  17  1:02  SCV  
  18  1:15  SCV  
  19  1:26  Reaper  
  19  1:27  Orbital Command  
  20  1:39  Command Center  
  20  1:49  Supply Depot  
  20  1:52  SCV  
  21  1:58  Marine  
  21  1:59  Refinery  
  22  2:05  SCV  
  23  2:11  Factory  
  23  2:17  SCV  
  23  2:20  Barracks Reactor  
  24  2:29  SCV  
  25  2:41  SCV  
  26  2:52  Orbital Command  
  26  2:53  SCV  
  27  2:59  Starport  
  27  3:03  Hellion x2  
  27  3:05  SCV  
  32  3:09  Barracks Tech Lab  
  32  3:17  SCV  
  32  3:18  SCV  
  34  3:24  Hellion  
  34  3:25  Hellion  
  38  3:28  Supply Depot  
  38  3:29  SCV  
  38  3:31  SCV  
  40  3:41  SCV  
  40  3:43  SCV  
  40  3:44  Barracks Tech Lab, Raven  
  44  3:50  Hellion x2  
  44  3:53  SCV  
  44  3:54  Supply Depot  
  44  3:55  SCV  
  50  4:02  Marine  
  51  4:03  Stimpack  
  51  4:05  SCV  
  51  4:07  SCV  
  53  4:18  Command Center, SCV  
  53  4:20  SCV  
  53  4:23  Supply Depot  
  55  4:30  Banshee, SCV  
  59  4:31  Factory Reactor  
  59  4:32  SCV  
  59  4:34  Cloaking Field  
  60  4:42  SCV  
  60  4:44  SCV  
  62  4:49  Barracks  
  62  4:50  Marine  
  62  4:51  Barracks  
  63  4:54  SCV  
  63  4:56  SCV  
  63  4:57  Refinery  
  63  4:58  Refinery  
  65  5:06  SCV  
  66  5:08  SCV  
  66  5:12  Marine, Engineering Bay  
  66  5:14  Engineering Bay  
  68  5:17  Supply Depot  
  68  5:18  SCV  
  68  5:21  Factory Tech Lab, SCV  
  70  5:29  Banshee  
  70  5:30  Orbital Command, Marine, SCV  
  70  5:32  Supply Depot  
  70  5:33  SCV  
  76  5:42  Marine x2, SCV  
  79  5:45  SCV  
  79  5:47  Siege Tank  
  83  5:52  Orbital Command, Marine x3  
  83  5:53  Barracks  
  83  5:54  SCV  
  83  5:56  Barracks  
  87  5:57  Terran Infantry Weapons Level 1  
  87  5:58  Terran Infantry Armor Level 1  
  87  6:00  Marine, SCV  
  89  6:06  SCV  
  89  6:10  Combat Shields, Supply Depot x2  
  90  6:15  SCV  
  91  6:19  SCV  
  91  6:20  Barracks Reactor  
  91  6:21  SCV  
  91  6:22  Marine x2  
  91  6:23  Siege Tank  
  98  6:27  SCV  
  98  6:31  Armory, Supply Depot  
  99  6:35  SCV  
  99  6:37  SCV  
  99  6:38  Medivac, Marine  
  103  6:40  Medivac, Marine  
  103  6:42  SCV  
  103  6:45  Marine  
  108  6:47  SCV  
  108  6:49  Barracks Reactor  
  108  6:50  Barracks Reactor  
  108  6:52  SCV  
  109  6:54  SCV  
  109  6:55  Marine  
  109  6:57  Siege Tank  
  109  6:59  Marine x2, SCV  
  116  7:04  SCV  
  116  7:08  Refinery x2, Marine x2  
  117  7:10  Factory  
  117  7:13  Marine, Missile Turret  
  117  7:14  SCV  
  117  7:15  SCV  
  122  7:16  Supply Depot, SCV  
  123  7:24  Supply Depot x2  
  123  7:25  Supply Depot  
  123  7:26  Marine x2  
  125  7:31  Supply Depot  
  125  7:37  Marine x3, SCV  
  125  7:42  Marine x4  
  125  7:43  Marine, SCV  
  125  7:44  Marine  
  121  7:46  SCV  
  105  7:51  SCV  
  105  7:55  Marine x3  
  105  7:58  SCV x2  
  97  8:00  Marine x4  
  97  8:01  Marine  
  97  8:03  Marine, SCV  
  97  8:05  Factory Tech Lab  
  93  8:10  Siege Tank, SCV  
  91  8:13  Marine x3  
  91  8:17  Marine  
  91  8:18  Marine x3  
  91  8:19  Marine  
  98  8:21  Marine  
  98  8:22  SCV  
  98  8:23  SCV  
  93  8:28  Medivac x2  
  93  8:30  Marine x3  
  91  8:35  Marine x2  
  91  8:36  Marine x2  
  91  8:37  Marine  
  96  8:42  Marine  
  97  8:48  Marine x3  
  97  8:53  Marine  
  97  8:54  SCV x2  
  102  8:56  Factory Tech Lab  
  102  8:58  Medivac, Marine x2  
  102  8:59  Orbital Command, Marauder  
  102  9:01  Siege Tank  
  111  9:03  Marine  
  112  9:10  SCV  
  112  9:13  SCV  
  112  9:15  Marine x3  
  112  9:16  Siege Tank  
  120  9:19  Marine  
  120  9:20  Marauder  
  100  9:32  Marine  
  100  9:33  Marine  
Show
View Real Time Build Order
Export as new Build Order

Reynor Zerg - Winner!

Build Orders: Hatch First 

Get SALT Encoding   

  12  0:00  Drone  
  13  0:13  Overlord  
  13  0:18  Drone  
  14  0:31  Drone x2  
  16  0:49  Hatchery  
  15  0:52  Drone  
  15  0:55  Drone  
  17  0:59  Drone  
  18  1:11  Extractor  
  18  1:15  Spawning Pool  
  16  1:19  Drone  
  16  1:21  Drone  
  18  1:28  Drone  
  19  1:39  Overlord  
  19  1:50  Drone  
  20  2:01  Queen x2  
  20  2:02  Zergling x4  
  26  2:11  Drone  
  26  2:14  Metabolic Boost  
  27  2:29  Spore Crawler  
  26  2:35  Hatchery  
  27  2:37  Drone  
  27  2:42  Drone x2  
  27  2:43  Drone  
  30  2:50  Queen  
  32  2:56  Overlord  
  32  2:58  Drone  
  33  3:01  Drone  
  33  3:03  Zergling x2  
  35  3:06  Drone  
  36  3:15  Drone x3  
  36  3:19  Overlord  
  39  3:20  Zergling x2  
  39  3:22  Drone  
  39  3:23  Drone  
  42  3:27  Drone  
  42  3:32  Drone  
  44  3:36  Queen  
  46  3:42  Zergling x8  
  46  3:43  Overlord  
  46  3:47  Drone  
  51  3:50  Drone  
  51  3:53  Drone  
  53  3:58  Queen  
  53  3:59  Drone  
  53  4:01  Drone x2  
  53  4:02  Drone  
  59  4:05  Overlord  
  59  4:08  Drone x2  
  61  4:12  Lair  
  61  4:15  Drone  
  61  4:17  Drone, Extractor  
  61  4:21  Drone x2  
  61  4:22  Drone  
  65  4:25  Overlord  
  65  4:28  Drone x2  
  65  4:29  Drone  
  68  4:35  Overlord  
  68  4:37  Drone  
  69  4:40  Drone  
  69  4:43  Extractor  
  69  4:44  Overlord  
  69  4:45  Evolution Chamber  
  68  4:46  Evolution Chamber  
  68  4:47  Drone x3  
  68  4:52  Overlord  
  69  4:58  Drone x5  
  74  5:09  Overlord  
  74  5:11  Drone x2  
  74  5:12  Drone x2  
  77  5:14  Drone  
  77  5:16  Zerg Missile Weapons Level 1, Zerg Ground Armor Level 1  
  77  5:18  Drone x3, Roach Warren  
  77  5:21  Drone x2  
  82  5:22  Drone  
  82  5:23  Extractor  
  82  5:25  Drone  
  83  5:34  Drone  
  83  5:35  Drone, Hatchery  
  84  5:36  Extractor  
  84  5:37  Zergling x6  
  86  5:44  Drone x3  
  86  5:46  Overlord  
  86  5:47  Hatchery  
  86  5:49  Extractor  
  88  5:54  Overlord  
  88  5:55  Overlord  
  88  5:56  Overlord x3  
  88  5:57  Glial Reconstitution  
  88  6:05  Roach x4  
  88  6:10  Roach x2  
  88  6:11  Roach x2  
  102  6:17  Roach x3  
  108  6:19  Roach  
  108  6:20  Roach  
  108  6:22  Roach x2  
  116  6:26  Roach  
  116  6:30  Roach x3  
  124  6:40  Roach x4  
  124  6:41  Roach  
  130  6:48  Roach x4  
  130  6:49  Ravager  
  130  6:52  Roach x3  
  130  6:53  Overseer  
  142  6:56  Drone x3  
  142  6:58  Drone, Spore Crawler  
  138  7:04  Drone  
  138  7:05  Drone x4  
  138  7:07  Drone  
  141  7:11  Roach  
  141  7:12  Ravager x3  
  146  7:16  Roach x2  
  146  7:19  Ravager x3  
  146  7:20  Roach  
  155  7:23  Overlord  
  155  7:28  Roach x2  
  159  7:33  Overlord  
  159  7:34  Overlord  
  158  7:42  Roach x3  
  158  7:43  Roach x2  
  147  7:50  Roach x4  
  132  7:54  Roach x3  
  132  7:57  Roach  
  132  7:58  Roach  
  121  8:00  Roach  
  121  8:04  Roach x2  
  121  8:05  Roach  
  119  8:08  Roach  
  119  8:09  Roach  
  127  8:13  Roach x2  
  124  8:20  Roach x3  
  124  8:24  Roach  
  124  8:27  Roach  
  134  8:30  Roach  
  134  8:35  Roach x2  
  134  8:38  Roach  
  142  8:41  Roach  
  142  8:43  Ravager x3  
  142  8:45  Roach x4  
  142  8:46  Drone x2  
  155  8:51  Ravager  
  155  8:53  Roach  
  155  8:54  Drone  
  159  8:55  Overseer  
  159  8:59  Roach x2  
  159  9:01  Overlord  
  163  9:04  Ravager  
  163  9:05  Drone  
  163  9:09  Extractor  
  164  9:11  Roach  
  164  9:12  Roach x4  
  174  9:19  Overlord  
  174  9:24  Overlord  
  143  9:32  Overseer  
  143  9:34  Roach x5  
Tags
 
Add a new tag
Caveats
  • Supply blocks, unpowered buildings, or Contaminate may cause inaccurate times.
  • Supply counts are checked every 10 seconds.